[Event "Late-Titled-Tuesday-Blitz-September-05-2023"]
[Site "Chess.com"]
[Date "2023.09.05"]
[Round "1"]
[White "onnoelgersma"]
[Black "valemava"]
[Result "1-0"]
[WhiteElo "2572"]
[BlackElo "2273"]
[TimeControl "180+1"]
[EndTime "14:05:20 PDT"]
[Termination "onnoelgersma won by resignation"]

1. c3 b5 2. d4 Bb7 3. Nf3 Nf6 4.
Bf4 e6 5. e3 a6 6. Nbd2 h6 7. Bd3 d6 8. h3 g5 9. Bh2 Nbd7 10. e4 Bg7 11. Qe2 O-O 12. a4 bxa4 13.
Rxa4 a5 14. O-O e5 15. Rfa1 c5 16. d5 Ne8 17. Nc4 Nb6 18. Rxa5 Nxc4 19. Rxa8 Bxa8 20. Bxc4 f5 21. exf5 Rxf5 22. Nd2 Rf8 23. Ne4 Nf6 24. Nxf6+ Qxf6 25. Bg3 Rb8 26. Ra7 Bb7 27.
b4 cxb4 28. cxb4 Qf7 29. Qe4 Qc7 30. Bd3 Qb6 31. Qh7+ Kf8 32. Qf5+ Kg8 33. Qe6+ Kh8 34. Qg6 Kg8 35. Bxe5 dxe5 36. Qxb6 1-0

[Event "Late-Titled-Tuesday-Blitz-September-05-2023"]
[Site "Chess.com"]
[Date "2023.09.05"]
[Round "1"]
[White "Sulthankan"]
[Black "hurricane7791"]
[Result "0-1"]
[WhiteElo "2402"]
[BlackElo "2723"]
[TimeControl "180+1"]
[EndTime "14:05:21 PDT"]
[Termination "hurricane7791 won by checkmate"]

1. d4 Nf6 2. c4 e6 3. Nf3 c5 4.
g3 cxd4 5. Nxd4 d5 6. Bg2 e5 7. Nb3 d4 8. O-O Nc6 9. e3 Be7 10. exd4 exd4 11. Na3 O-O 12. h3 Be6 13. Re1 Rc8 14.
Nb5 d3 15. Be3 a6 16. N5d4 Nxd4 17. Nxd4 Bxc4 18. b3 Bd5 19. Qxd3 Bxg2 20. Kxg2 Qd5+ 21. Kg1 Rfd8 22. Qe2 Bb4 23. Red1 Ne4 24. Qf3 Nc3 25.
Qxd5 Rxd5 26. Rd2 Nb5 27. Rd3 Rcd8 28. Rad1 Bc5 29. Nxb5 Rxd3 30. Rxd3 Rxd3 31. Bxc5 axb5 32. Kg2 f5 33. Kf1 Rd2 34. a3 Kf7 35. Bb4 Rb2 36.
Ke1 g6 37. Kf1 Ke6 38. Ke1 Kd5 39. Bc3 Rxb3 40. Bb4 Rb2 41. Kf1 Ke4 42. Kg2 g5 43. h4 g4 44. Kf1 Kf3 45. Bc5 Rb1# 0-1

[Event "Late-Titled-Tuesday-Blitz-September-05-2023"]
[Site "Chess.com"]
[Date "2023.09.05"]
[Round "1"]
[White "GarayevKanan"]
[Black "alturas_pacificas"]
[Result "1-0"]
[WhiteElo "2719"]
[BlackElo "2401"]
[TimeControl "180+1"]
[EndTime "14:05:21 PDT"]
[Termination "GarayevKanan won by resignation"]

1. d4 d5 2. Nf3 Nf6 3. c3 Bf5 4. Qb3 b6 5. Bf4 c6 6. e3 e6 7.
Nbd2 Bd6 8. Ne5 Qc7 9. Be2 Nbd7 10. Nxd7 Qxd7 11. Bxd6 Qxd6 12. c4 O-O 13. O-O h6 14. Rac1 Ne4 15. Nxe4 Bxe4 16. c5 bxc5 17. Rxc5 Rfb8 18.
Qc3 Rb6 19. Rc1 Rab8 20. b3 Kh7 21. f3 Bg6 22. g3 Re8 23. Kf2 e5 24. Rxc6 Rxc6 25. Qxc6 Qxc6 26. Rxc6 exd4 27. exd4 a5 28. Rc5 Ra8 29. Rxd5 a4 30. b4 a3 31. Ra5 Rd8 32.
Rxa3 Rxd4 33. b5 Rd2 34. b6 Rb2 35. Rb3 1-0

[Event "Late-Titled-Tuesday-Blitz-September-05-2023"]
[Site "Chess.com"]
[Date "2023.09.05"]
[Round "1"]
[White "jk13"]
[Black "rickywsb"]
[Result "1-0"]
[WhiteElo "2676"]
[BlackElo "2373"]
[TimeControl "180+1"]
[EndTime "14:05:21 PDT"]
[Termination "jk13 won by resignation"]

1. Nf3 d5 2. g3 Nf6 3. Bg2 c6 4. O-O Bf5 5. d3 h5 6. Bg5 Nbd7 7. Nbd2 Qc7 8. Re1 O-O-O 9. e4 dxe4 10. dxe4 Bg4 11. h3 Bxf3 12. Qxf3 Ne5 13. Qe2 h4 14. g4 Ng6 15. Qe3 e5 16. Qxa7 Nf4 17. Nc4 Rd4 18.
Nb6+ Kd8 19. Bxf4 exf4 20. e5 Nxg4 21. hxg4 h3 22. Bf3 h2+ 23. Kh1 Rh3 24. Rad1 Bc5 25.
Rxd4+ Bxd4 26. Rd1 Qxe5 27. c3 c5 28. cxd4 1-0

[Event "Late-Titled-Tuesday-Blitz-September-05-2023"]
[Site "Chess.com"]
[Date "2023.09.05"]
[Round "1"]
[White "micke12a"]
[Black "GianmarcoVaR"]
[Result "0-1"]
[WhiteElo "2325"]
[BlackElo "2625"]
[TimeControl "180+1"]
[EndTime "14:05:22 PDT"]
[Termination "GianmarcoVaR won by resignation"]

1. e4 c5 2. Nc3 d6 3. d4 cxd4 4.
Qxd4 Nf6 5. b3 Nc6 6. Qd2 e5 7.
Bb2 Be7 8. O-O-O O-O 9. f3 a5 10. a4 Be6 11. Kb1 Nb4 12. g4 d5 13. g5 Nh5 14. Nxd5 Bxg5 15. Qc3 Rc8 16. Qxe5 Bxd5 17. exd5 Re8 18. Qd4 Rxc2 19. Qg4 Bf6 20. Ba3 Qc7 21. Bc4 Qe5 0-1

[Event "Late-Titled-Tuesday-Blitz-September-05-2023"]
[Site "Chess.com"]
[Date "2023.09.05"]
[Round "1"]
[White "ilya2700"]
[Black "Emeraldddd"]
[Result "0-1"]
[WhiteElo "2233"]
[BlackElo "2550"]
[TimeControl "180+1"]
[EndTime "14:05:26 PDT"]
[Termination "Emeraldddd won by resignation"]

1. c4 g6 2. Nc3 Bg7 3. e4 d6 4.
d4 Nf6 5. Nf3 O-O 6. Be2 c5 7.
O-O Bg4 8. Be3 cxd4 9. Nxd4 Bxe2 10. Qxe2 Nbd7 11. f4 Qa5 12. g4 e5 13. fxe5 Nxe5 14.
g5 Nh5 15. Nd5 Rfe8 16. b4 Qa3 17. Nf5 gxf5 18. Qxh5 Nxc4 19. Bc1 Qd3 20. Rf2 Rxe4 21. Bf4 Qxd5 0-1

[Event "Late-Titled-Tuesday-Blitz-September-05-2023"]
[Site "Chess.com"]
[Date "2023.09.05"]
[Round "1"]
[White "boguszp"]
[Black "2k28Lakers"]
[Result "0-1"]
[WhiteElo "2051"]
[BlackElo "2517"]
[TimeControl "180+1"]
[EndTime "14:05:26 PDT"]
[Termination "2k28Lakers won by resignation"]

1. d4 d5 2. Nf3 c6 3. Bf4 Nf6 4. e3 Bf5 5. Be2 e6 6. h3 Bd6 7.
Ne5 O-O 8. O-O Qc7 9. Nd2 Nbd7 10. Ndf3 c5 11. c3 Ne4 12. Rc1 f6 13. Nd3 c4 14.
Bxd6 Qxd6 15. Nde1 b5 16. a3 a5 17. Nd2 Bg6 18. Nxe4 Bxe4 19. f3 Bg6 20. Nc2 Rfb8 21.
Re1 Bxc2 22. Qxc2 b4 23. axb4 axb4 24. Ra1 bxc3 25. bxc3 Rxa1 26. Rxa1 Qb6 27. e4 Qb2 28. Rc1 Qxc2 29. Rxc2 Rb3 30. Kf2 Kf7 31. Ke3 Ke7 32. Kd2 Kd6 33. Ra2 Rb1 34. Bd1 g5 35. Ra8 Ke7 36.
Rh8 Nf8 37. Rg8 Kf7 38. Rxf8+ Kxf8 39. exd5 exd5 40. g3 Kg7 41. f4 Ra1 42. fxg5 fxg5 43. Bf3 Ra5 44. Ke3 Kf6 45. h4 gxh4 46. gxh4 Ke6 47.
Bg4+ Kd6 48. h5 Ra3 49. h6 Rxc3+ 50. Kf4 Rd3 51. Bf5 Rxd4+ 52. Be4 Rxe4+ 0-1

[Event "Late-Titled-Tuesday-Blitz-September-05-2023"]
[Site "Chess.com"]
[Date "2023.09.05"]
[Round "1"]
[White "Akhayan"]
[Black "GP9isback23"]
[Result "0-1"]
[WhiteElo "2363"]
[BlackElo "2669"]
[TimeControl "180+1"]
[EndTime "14:05:28 PDT"]
[Termination "GP9isback23 won by resignation"]

1. e4 c5 2. Nf3 e6 3. d4 cxd4 4. Nxd4 Nf6 5. Nc3 Nc6 6. Nxc6 bxc6 7. e5 Nd5 8. Ne4 Qc7 9. f4 Qb6 10. a3 f5 11. exf6 Nxf6 12. Nxf6+ gxf6 13. Qh5+ Kd8 14. Bd3 Ba6 15. Qe2 Bxd3 16. Qxd3 Bc5 17. b4 Bf2+ 18. Ke2 Qd4 19. Qxd4 Bxd4 20. Rb1 Ke7 21. Rd1 Bb6 22.
c4 d5 23. c5 Bc7 24. g3 a6 25.
Bb2 e5 26. fxe5 fxe5 27. Rf1 Rhf8 28. Rxf8 Rxf8 29. Rf1 Rxf1 30. Kxf1 Ke6 31. Ke2 d4 32. g4 Kd5 33. h4 e4 34. g5 Bf4 35. a4 d3+ 36.
Kf2 Kc4 37. b5 axb5 38. a5 Kxc5 39. Bf6 b4 40. Be7+ Kb5 41. a6 Kxa6 42. Bxb4 Kb5 43. Be7 e3+ 44. Kf3 e2 0-1

[Event "Late-Titled-Tuesday-Blitz-September-05-2023"]
[Site "Chess.com"]
[Date "2023.09.05"]
[Round "1"]
[White "nassimzrikem"]
[Black "YoreDea"]
[Result "0-1"]
[WhiteElo "2267"]
[BlackElo "2570"]
[TimeControl "180+1"]
[EndTime "14:05:29 PDT"]
[Termination "YoreDea won by resignation"]

1. d4 f5 2. c4 g6 3. Nc3 Bg7 4.
e4 fxe4 5. Nxe4 d5 6. Nc3 dxc4 7. Nf3 c5 8. dxc5 Qxd1+ 9. Kxd1 Na6 10. Bxc4 Nxc5 11.
Bb5+ Bd7 12. Bxd7+ Nxd7 13. Kc2 Ngf6 14. Ng5 Ng4 15. f3 Nge5 16. Ne6 Kf7 17. Nxg7 Kxg7 18. Re1 Kf7 19. Bf4 Nc6 20. Rad1 Nf6 21. a3 Rad8 22.
Rxd8 Rxd8 23. Rd1 Rxd1 24. Kxd1 e5 25. Bg5 Nd7 26. Ne4 Ke6 27. Kd2 Kd5 28. Nf6+ Nxf6 29. Bxf6 e4 30. f4 Ke6 31. Bc3 Ne7 32. g4 Nd5 33.
Be5 g5 34. Bb8 gxf4 35. Bxa7 f3 36. Bd4 h5 37. h3 hxg4 38. hxg4 Nf4 39. Ke3 Kd5 40.
Bb6 Nd3 41. g5 Ne5 42. a4 Nc4+ 43. Kf2 Nxb6 44. g6 Ke6 45. g7 Kf7 46. a5 Nc4 47.
b4 Kxg7 0-1

[Event "Late-Titled-Tuesday-Blitz-September-05-2023"]
[Site "Chess.com"]
[Date "2023.09.05"]
[Round "1"]
[White "ArmanGhevondyanchess"]
[Black "Nikachu"]
[Result "1-0"]
[WhiteElo "2537"]
[BlackElo "2169"]
[TimeControl "180+1"]
[EndTime "14:05:34 PDT"]
[Termination "ArmanGhevondyanchess won by resignation"]

1. Nf3 Nf6 2. d4 g6 3. g3 Bg7 4.
Bg2 O-O 5. O-O d5 6. b3 c5 7. Bb2 cxd4 8. Nxd4 Nc6 9. Na3 e5 10.
Nxc6 bxc6 11. Bxe5 Re8 12. Bb2 Ba6 13. Re1 Qa5 14.
c4 Rad8 15. Qc2 Ne4 16. Bxg7 Kxg7 17. Qb2+ Kg8 18. Rac1 dxc4 19. Nxc4 Bxc4 20. bxc4 Rd2 21.
Qb7 Qc5 22. Bxe4 Rxe4 23. Qc8+ Kg7 24. e3 Rxa2 25. Rcd1 Rxc4 26. Rd8 Rcc2 27. Rg8+ Kh6 28. Rf1 Rxf2 29. Rxf2 Ra1+ 30. Kg2 Qd5+ 31. Kh3 Qh5+ 32. Kg2 Qd5+ 33. e4 Qxe4+ 34. Kh3 Ra5 35. Qf8+ Kg5 36. Qd8+ Kh5 37. Qxa5+ 1-0

[Event "Late-Titled-Tuesday-Blitz-September-05-2023"]
[Site "Chess.com"]
[Date "2023.09.05"]
[Round "1"]
[White "Jaka_Brilej"]
[Black "Andreikka"]
[Result "0-1"]
[WhiteElo "2489"]
[BlackElo "3012"]
[TimeControl "180+1"]
[EndTime "14:05:37 PDT"]
[Termination "Andreikka won by checkmate"]

1. e4 e5 2. Nf3 Nc6 3. Bc4 Nf6 4.
d3 Bc5 5. c3 d6 6. O-O h6 7. Nbd2 a5 8. Re1 Ba7 9. Nf1 O-O 10. h3 Be6 11. Bb5 Ne7 12. Ba4 Rb8 13. Bc2 b5 14. d4 Ng6 15. d5 Bd7 16. Be3 Bxe3 17. Nxe3 c6 18. Qe2 Nf4 19. Qf1 cxd5 20. Nxd5 N6xd5 21. exd5 Qf6 22. Rad1 Nxh3+ 23. gxh3 Qxf3 24.
Qg2 Qxh3 25. Re3 Qxg2+ 26. Kxg2 g5 27. Rh1 Kg7 28. Kf1 f5 29. Reh3 Rf6 30. f3 g4 31.
Rg3 f4 32. Rgg1 g3 33. Kg2 Bf5 34. Bd1 Bd3 35. Rh4 b4 36. cxb4 Rxb4 37. b3 Rd4 38. Rgh1 Rxd5 39. b4 Bf5 40. Bb3 Rd2+ 41. Kg1 axb4 42.
Rh5 d5 43. R1h4 Rc6 44. Rg4+ Bxg4 45. fxg4 Rc1+ 46. Bd1 f3 47. Rg5+ hxg5 48. a3 bxa3 49. Kf1 Kf6 50. Ke1 Rd3 51. Kf1 a2 52. Ke1 a1=Q 53. Kf1 e4 54. Ke1 e3 55. Kf1 Rd2 56. Ke1 d4 57. Kf1 d3 58. Ke1 Ke5 59. Kf1 Kf4 60. Ke1 Rdxd1# 0-1

[Event "Late-Titled-Tuesday-Blitz-September-05-2023"]
[Site "Chess.com"]
[Date "2023.09.05"]
[Round "1"]
[White "queen_iryna"]
[Black "Tomytoteph"]
[Result "0-1"]
[WhiteElo "2331"]
[BlackElo "2637"]
[TimeControl "180+1"]
[EndTime "14:05:38 PDT"]
[Termination "Tomytoteph won by resignation"]

1. e4 c5 2. Nf3 g6 3. c3 Bg7 4. d4 cxd4 5. cxd4 d5 6. e5 Nc6 7. Be3 Bg4 8. Nbd2 e6 9. Be2 Nge7 10. h3 Bxf3 11. Nxf3 O-O 12. O-O Qb6 13. Qd2 Nf5 14.
Rfc1 Rac8 15. b3 Rc7 16. g4 Nxe3 17. fxe3 Rfc8 18. Rc2 Nxe5 19. Rxc7 Nxf3+ 20. Bxf3 Qxc7 21. Kg2 Bh6 22. Re1 Qc2 23. Qf2 Bg5 24. Re2 Qb1 25. Re1 Rc1 26. Kf1 Rxe1+ 27. Qxe1 Qxe1+ 28. Kxe1 Bxe3 29. Ke2 Bxd4 30. Kd3 Bb6 31. Be2 Kf8 32. Kd2 Ke7 33.
Bb5 a6 34. Bd3 e5 35. Be2 Kd6 36. Bf1 e4 37. Bg2 Ke5 38. Ke2 f5 39. gxf5 gxf5 40. h4 d4 41. Bh3 d3+ 42. Kd2 f4 43. Bg4 Ba5+ 44. Kd1 Kd4 45. Bf5 e3 46. Bxh7 e2+ 0-1

[Event "Late-Titled-Tuesday-Blitz-September-05-2023"]
[Site "Chess.com"]
[Date "2023.09.05"]
[Round "1"]
[White "mishanick"]
[Black "MFatigue"]
[Result "1-0"]
[WhiteElo "3066"]
[BlackElo "2499"]
[TimeControl "180+1"]
[EndTime "14:05:39 PDT"]
[Termination "mishanick won by resignation"]

1. d4 d5 2. c4 c6 3. Nf3 Nf6 4. Nc3 dxc4 5. a4 Bf5 6. Ne5 Nbd7 7. Nxc4 Qc7 8. g3 e5 9. dxe5 Nxe5 10. Bf4 Nfd7 11. Bg2 g5 12. Nxe5 gxf4 13. Nxd7 O-O-O 14. Qd4 Qxd7 15. Qxf4 Bd6 16. Qc1 Bh3 17. O-O Bxg2 18.
Kxg2 h5 19. h4 Rhg8 20. Ne4 Qf5 21. Qe3 Bb8 22. Rad1 Rde8 23. Rd4 Bc7 24. Qf3 Qg6 25. Rfd1 f5 26. Nd6+ Bxd6 27. Rxd6 Re6 28. Rxe6 Qxe6 29. Qxh5 Qe4+ 30. Qf3 Qxa4 31. Qxf5+ Kb8 32. Rd7 Qxh4 33. Qe5+ Ka8 34. Re7 Qh8 35. Qxh8 Rxh8 36. f4 a5 37. f5 Rf8 38. e4 Kb8 39. g4 b5 40. g5 b4 41. g6 a4 42. g7 Rg8 43. Rf7 a3 44. bxa3 bxa3 45. Rf8+ 1-0

[Event "Late-Titled-Tuesday-Blitz-September-05-2023"]
[Site "Chess.com"]
[Date "2023.09.05"]
[Round "1"]
[White "Alex_Banzea"]
[Black "OYAcosta"]
[Result "1-0"]
[WhiteElo "2571"]
[BlackElo "2269"]
[TimeControl "180+1"]
[EndTime "14:05:43 PDT"]
[Termination "Alex_Banzea won by checkmate"]

1. d4 d5 2. Nc3 Nf6 3. Bf4 c6 4. e3 Bf5 5. f3 e6 6. g4 Bg6 7. h4 h5 8. g5 Nfd7 9. Bd3 Bxd3 10.
Qxd3 g6 11. Nge2 Bg7 12. O-O-O O-O 13. e4 Nb6 14. Ng3 Nc4 15. b3 Na3 16. Kb2 Nb5 17. Nce2 a5 18. c3 a4 19. b4 Nd7 20. Nxh5 gxh5 21.
e5 Nb6 22. Ng3 Nc4+ 23. Ka1 Qe7 24. Nxh5 Rfc8 25. Nf6+ Kf8 26. Qh7 Qc7 27. Qg8+ Ke7 28. Qxg7 Nxc3 29. g6 Rf8 30. Bg5 Kd8 31. Qxf8# 1-0

[Event "Late-Titled-Tuesday-Blitz-September-05-2023"]
[Site "Chess.com"]
[Date "2023.09.05"]
[Round "1"]
[White "picturesquecheck"]
[Black "Pingah9"]
[Result "1-0"]
[WhiteElo "2299"]
[BlackElo "2562"]
[TimeControl "180+1"]
[EndTime "14:05:45 PDT"]
[Termination "picturesquecheck won by checkmate"]

1. e4 c5 2. Nf3 e6 3. d4 cxd4 4.
Nxd4 Nf6 5. Bd3 Nc6 6. Nxc6 bxc6 7. O-O d5 8. Qe2 Be7 9. c4 O-O 10. Nc3 d4 11. Nd1 e5 12. h3 Nd7 13. f4 exf4 14.
Bxf4 Nc5 15. Nf2 Ne6 16. Bh2 Bg5 17. Rad1 Re8 18. Kh1 Qe7 19. e5 g6 20. Ne4 Rd8 21. Qf2 Be3 22. Qf3 Ng5 23. Nf6+ Kg7 24. Qe2 Ne6 25.
Rf3 Nc5 26. Bb1 Be6 27. b3 a5 28. Re1 Rab8 29. Rxe3 dxe3 30. Qxe3 a4 31. Qg5 Nd7 32. Nh5+ Kf8 33. Qh6+ Ke8 34. Ng7+ Kf8 35. Nxe6+ Ke8 36. Nc7# 1-0

[Event "Late-Titled-Tuesday-Blitz-September-05-2023"]
[Site "Chess.com"]
[Date "2023.09.05"]
[Round "1"]
[White "baag"]
[Black "Tonychess32"]
[Result "1-0"]
[WhiteElo "2765"]
[BlackElo "2414"]
[TimeControl "180+1"]
[EndTime "14:05:46 PDT"]
[Termination "baag won by resignation"]

1. d4 Nf6 2. c4 e6 3. g3 d5 4. Nf3 Be7 5. Bg2 O-O 6. O-O Ne4 7.
Qc2 c6 8. Nbd2 Nxd2 9. Bxd2 f5 10. b4 Nd7 11. a4 Nf6 12. Bf4 Bd7 13. Ne5 Be8 14.
c5 Nd7 15. Nd3 Bf6 16. e3 g5 17. Bd6 Be7 18. Bxe7 Qxe7 19. b5 e5 20. bxc6 bxc6 21.
Nb4 Rc8 22. Nxc6 Rxc6 23. Bxd5+ Re6 24. c6 Nb6 25. Bb3 Kh8 26. Bxe6 Qxe6 27. Rfc1 Bg6 28. Qc5 Re8 29. a5 Nd5 30. dxe5 Qxe5 31. c7 Rc8 32. Qxa7 f4 33. Qd4 Qxd4 34. exd4 Rxc7 35. Rxc7 Nxc7 36. a6 Be4 37. a7 f3 38. Re1 Bd5 39. Re5 Ba8 40. Re7 Nb5 41. Re8+ 1-0

[Event "Late-Titled-Tuesday-Blitz-September-05-2023"]
[Site "Chess.com"]
[Date "2023.09.05"]
[Round "1"]
[White "rezamahdavi2008"]
[Black "GMForgacs"]
[Result "1-0"]
[WhiteElo "2749"]
[BlackElo "2413"]
[TimeControl "180+1"]
[EndTime "14:05:46 PDT"]
[Termination "rezamahdavi2008 won by resignation"]

1. Nf3 Nf6 2. g3 g6 3. b3 Bg7 4.
Bb2 O-O 5. Bg2 d6 6. d4 Nc6 7. O-O e5 8. dxe5 Ng4 9. Qd2 Ngxe5 10.
Nxe5 dxe5 11. Rd1 Qxd2 12. Rxd2 Bf5 13. Na3 Rfd8 14. Rad1 Rxd2 15. Rxd2 a6 16. Bxc6 bxc6 17. Nc4 f6 18. Na5 Be4 19. f3 Bh6 20. Rd7 Be3+ 21. Kf1 Bxc2 22. Nxc6 Bb6 23. e4 Bb1 24. Ne7+ Kf8 25.
Nd5 Bxa2 26. Ba3+ c5 27. Nxb6 Rb8 28. Bxc5+ Ke8 29. Re7+ Kd8 30. Rxh7 Bxb3 31. Rh8+ Kc7 32. Bd6+ Kxb6 33. Rxb8+ 1-0

[Event "Late-Titled-Tuesday-Blitz-September-05-2023"]
[Site "Chess.com"]
[Date "2023.09.05"]
[Round "1"]
[White "Maluco_do_Natal_00"]
[Black "arminmusovic"]
[Result "0-1"]
[WhiteElo "1971"]
[BlackElo "2516"]
[TimeControl "180+1"]
[EndTime "14:05:46 PDT"]
[Termination "arminmusovic won on time"]

1. e4 c6 2. d4 d5 3. Nc3 dxe4 4.
Nxe4 Nf6 5. Nxf6+ exf6 6. c3 Bd6 7. Qc2 O-O 8. Bd3 Re8+ 9. Ne2 Kh8 10. Be3 Nd7 11. O-O-O Nf8 12. Kb1 Qc7 13. h4 c5 14.
dxc5 Bxc5 15. Bxc5 Qxc5 16. Nd4 a6 17. h5 Bg4 18. f3 Bxh5 19. g4 Bg6 20. Bxg6 fxg6 21. Rh2 b5 22. a3 Kg8 23. f4 Rad8 24. f5 g5 25. Qb3+ Qc4 26. Qxc4+ bxc4 27. Rdd2 Re1+ 28. Kc2 Rg1 29. Rhg2 Rxg2 30. Rxg2 Nd7 31. Ne6 Rb8 32. Rd2 Ne5 33. Rd6 Nxg4 34. Rd7 Ne3+ 35. Kb1 Nxf5 36. Ra7 h5 0-1

[Event "Late-Titled-Tuesday-Blitz-September-05-2023"]
[Site "Chess.com"]
[Date "2023.09.05"]
[Round "1"]
[White "HansOnTwitch"]
[Black "Haykoooo0o"]
[Result "1-0"]
[WhiteElo "3013"]
[BlackElo "2489"]
[TimeControl "180+1"]
[EndTime "14:05:47 PDT"]
[Termination "HansOnTwitch won by resignation"]

1. e4 c6 2. d4 d5 3. e5 c5 4. Nf3 e6 5. dxc5 Bxc5 6. Bd3 Ne7 7.
O-O Nbc6 8. a3 Ng6 9. b4 Bb6 10. Bb2 Nf4 11. Re1 Nxd3 12. Qxd3 O-O 13. Nbd2 Bd7 14. c4 Ne7 15. c5 Bc7 16. b5 Ba5 17. a4 Bb4 18. Rec1 Rc8 19. Nb3 Ba5 20. Ba3 Bc7 21.
Nbd4 Bb8 22. c6 bxc6 23. bxc6 Nxc6 24. Nxc6 Bxc6 25. Bxf8 Qxf8 26. Qa6 Qe8 27. Rab1 h6 28. Nd4 Bd7 29. Rxc8 Qxc8 30. Qxc8+ 1-0

[Event "Late-Titled-Tuesday-Blitz-September-05-2023"]
[Site "Chess.com"]
[Date "2023.09.05"]
[Round "1"]
[White "Chessdemon2019"]
[Black "Aygehovit1992"]
[Result "0-1"]
[WhiteElo "2394"]
[BlackElo "2698"]
[TimeControl "180+1"]
[EndTime "14:05:48 PDT"]
[Termination "Aygehovit1992 won by checkmate"]

1. c4 e5 2. Nc3 Nc6 3. g3 f5 4.
Bg2 Nf6 5. d3 Bb4 6. Bd2 Bxc3 7.
Bxc3 d6 8. e3 O-O 9. Ne2 Qe8 10.
O-O b6 11. d4 Bb7 12. b4 Ne4 13. Qc2 a5 14. b5 Nb4 15. Bxb4 axb4 16. Qb2 Qh5 17. dxe5 dxe5 18. Qxe5 Qxe2 19. Qxc7 Rf7 20. Qxb6 Qxc4 21. Rfc1 Qd5 22. Rd1 Qc5 23. Qxc5 Nxc5 24. Rac1 Bxg2 25. Kxg2 Ne4 26. b6 Rb7 27. Rc6 Rab8 28.
Rd5 Rxb6 29. Rxb6 Rxb6 30. Rxf5 Rf6 31. Rb5 Rxf2+ 32. Kh3 Rb2 33. Kg4 Nc3 34. Rb7 Nxa2 35. e4 Nc3 36. e5 Re2 37. Rxb4 Rxe5 38. Rb3 Nd5 39. Kf3 Kf7 40. Rb5 Kf6 41. h4 h5 42.
Ra5 Rf5+ 43. Kg2 Ne3+ 44. Kh3 Rxa5 45. g4 Ra2 46. g5+ Kf5 47. Kg3 Ke4 48. Kh3 Nf1 49. g6 Rh2# 0-1

[Event "Late-Titled-Tuesday-Blitz-September-05-2023"]
[Site "Chess.com"]
[Date "2023.09.05"]
[Round "1"]
[White "ozates"]
[Black "rochaaaaaaaaaa"]
[Result "1/2-1/2"]
[WhiteElo "2560"]
[BlackElo "2268"]
[TimeControl "180+1"]
[EndTime "14:05:48 PDT"]
[Termination "Game drawn by repetition"]

1. e4 e5 2. Nf3 Nc6 3. Bb5 Nf6 4. d3 Bc5 5. O-O Nd4 6. Bc4 d6 7. h3 O-O 8. c3 Nxf3+ 9. Qxf3 Bb6 10. Bg5 h6 11. Bxf6 Qxf6 12. Qxf6 gxf6 13. g4 h5 14. Kh2 hxg4 15. hxg4 Kg7 16. Kg3 Be6 17. Nd2 Rh8 18.
Rh1 c6 19. Bxe6 fxe6 20. Nc4 Bc7 21. Rh5 Rxh5 22. gxh5 Kh6 23. Ne3 Rg8+ 24. Kh4 Bd8 25. Ng4+ Kh7 26. Kh3 f5 27. Ne3 Rg5 28. a4 Rxh5+ 29. Kg2 Kg6 30. a5 a6 31. b4 d5 32.
Kf3 Bg5 33. Rg1 Kf6 34. c4 Bxe3 35. Kxe3 Rh3+ 36. f3 f4+ 37. Kf2 Rh2+ 38. Rg2 Rxg2+ 39. Kxg2 Ke7 40. c5 Kf6 41. Kh2 Kg6 42. Kg2 Kh5 43.
Kh2 Kh4 44. Kg2 Kg5 45. Kh2 Kh5 46. Kg2 Kg5 47. Kh2 Kh5 48. Kg2 Kg5 1/2-1/2

[Event "Late-Titled-Tuesday-Blitz-September-05-2023"]
[Site "Chess.com"]
[Date "2023.09.05"]
[Round "1"]
[White "ketster"]
[Black "HeinichessPY"]
[Result "1-0"]
[WhiteElo "2549"]
[BlackElo "2223"]
[TimeControl "180+1"]
[EndTime "14:05:48 PDT"]
[Termination "ketster won by checkmate"]

1. Nf3 Nf6 2. c4 g6 3. Nc3 Bg7 4. e4 d6 5. d4 O-O 6. h3 e5 7. d5 a5 8. g4 Na6 9. Be2 Nc5 10. Qc2 Nfd7 11. Rg1 Kh8 12. Be3 f5 13. gxf5 gxf5 14. exf5 e4 15. Ng5 Rxf5 16. Ncxe4 Nxe4 17. Ne6 Qe7 18. Rxg7 Qxg7 19. Nxg7 Kxg7 20. Qxe4 Nc5 21. Qe7+ Rf7 22.
Bd4+ Kg8 23. Qg5+ Kf8 24. Qd8# 1-0

[Event "Late-Titled-Tuesday-Blitz-September-05-2023"]
[Site "Chess.com"]
[Date "2023.09.05"]
[Round "1"]
[White "ural58"]
[Black "MagnusCarlsen"]
[Result "0-1"]
[WhiteElo "2508"]
[BlackElo "3257"]
[TimeControl "180+1"]
[EndTime "14:05:50 PDT"]
[Termination "MagnusCarlsen won by resignation"]

1. e4 d5 2. exd5 Nf6 3. d4 Bg4 4. Bb5+ Nbd7 5. Be2 Bxe2 6. Qxe2 Nxd5 7. c4 N5f6 8. Nc3 g6 9. Nf3 Bg7 10. O-O O-O 11.
Bg5 Re8 12. Rfd1 c6 13. a3 Qa5 14. b4 Qf5 15. Bh4 e5 16. d5 Qh5 17. dxc6 bxc6 18. Bxf6 Nxf6 19. Ne4 Rad8 20. Ng3 Qg4 21. Rxd8 Rxd8 22.
Nxe5 Qxe2 23. Nxe2 Nh5 24. Nxc6 Rd6 25. Ne7+ Kf8 26.
Re1 Kxe7 27. Nf4+ Kd7 28. Nxh5 gxh5 29. g3 Rd3 30. a4 Bc3 31. Rb1 Rd4 32. b5 Rxc4 33.
Rc1 Rc7 34. Kg2 Kd6 35. Kh3 Bd4 36. Rd1 Kd5 37. f4 Rc2 38. a5 Rb2 39. b6 axb6 40. axb6 Ke4 41. Re1+ Kf5 42. Re7 Kg6 43. g4 Rb3+ 44. Kg2 hxg4 45. f5+ Kf6 0-1

[Event "Late-Titled-Tuesday-Blitz-September-05-2023"]
[Site "Chess.com"]
[Date "2023.09.05"]
[Round "1"]
[White "ybothg"]
[Black "lachesisQ"]
[Result "0-1"]
[WhiteElo "2503"]
[BlackElo "3085"]
[TimeControl "180+1"]
[EndTime "14:05:52 PDT"]
[Termination "lachesisQ won by resignation"]

1. d4 g6 2. g3 Bg7 3. Bg2 f5 4. Nf3 Nf6 5. O-O O-O 6. c4 d6 7. Nc3 h6 8. Qc2 Qe8 9. e4 e5 10. dxe5 dxe5 11. exf5 gxf5 12. Re1 Nc6 13. Nd5 e4 14.
Nxc7 Qf7 15. Nxa8 exf3 16. Bxf3 Nd4 17. Qd3 Ne4 18. Bf4 Ne6 19. Rad1 Nxf4 20. gxf4 Be6 21.
Bxe4 fxe4 22. Qxe4 Bf5 23. Qd5 Rxa8 24. Re7 Qxd5 25.
Rxd5 Bg4 26. Kg2 b6 27. f3 Bf8 28. Ree5 Bc8 29. Rd8 Bh3+ 0-1

[Event "Late-Titled-Tuesday-Blitz-September-05-2023"]
[Site "Chess.com"]
[Date "2023.09.05"]
[Round "1"]
[White "Beca95"]
[Black "NelsonLinda"]
[Result "1-0"]
[WhiteElo "2979"]
[BlackElo "2486"]
[TimeControl "180+1"]
[EndTime "14:05:56 PDT"]
[Termination "Beca95 won by resignation"]

1. Nf3 Nf6 2. c4 g6 3. Nc3 Bg7 4.
e4 d6 5. d4 O-O 6. Bd3 Nbd7 7.
O-O e5 8. d5 Nc5 9. Bc2 a5 10.
b3 c6 11. Be3 Qe7 12. a3 cxd5 13. cxd5 Nh5 14. Bxc5 dxc5 15. Nd2 Bd7 16. a4 Nf4 17. g3 Nh3+ 18. Kg2 Qg5 19. Nc4 h5 20. Nb6 Nf4+ 21. Kh1 Bh3 22. Rg1 Bg4 23. f3 Nh3 24. Rf1 Qe3 25.
fxg4 Qxc3 26. gxh5 Ra6 27. Nc4 gxh5 28. Kg2 Ng5 29. h4 Nh7 30. Rf3 Qd4 31. Qe1 Nf6 32.
Rd1 1-0

[Event "Late-Titled-Tuesday-Blitz-September-05-2023"]
[Site "Chess.com"]
[Date "2023.09.05"]
[Round "1"]
[White "jorquerino"]
[Black "Jarming"]
[Result "0-1"]
[WhiteElo "2337"]
[BlackElo "2645"]
[TimeControl "180+1"]
[EndTime "14:06:00 PDT"]
[Termination "Jarming won on time"]

1. e4 c6 2. Nc3 d5 3. Nf3 Bg4 4. h3 Bxf3 5. Qxf3 e6 6. g3 Nd7 7.
Bg2 Ngf6 8. O-O Bc5 9. d3 h6 10. Qe2 O-O 11. Kh1 b5 12. f4 b4 13. Nb1 e5 14. f5 dxe4 15. dxe4 Qb6 16. Nd2 Qb5 17. Qf3 Nb6 18. Re1 Rad8 19. Bf1 Qa5 20. Nc4 Nxc4 21. Bxc4 Rd7 22. g4 Nh7 23. Qg3 Be7 24. Be3 Qd8 25.
Bf2 Rd2 26. Bd3 c5 27. Red1 Rxd1+ 28. Rxd1 Qc7 29. Bc4 Bg5 30. h4 Bf4 31. Qg2 Rd8 32. Rxd8+ Qxd8 33. g5 hxg5 34. hxg5 Bxg5 0-1

[Event "Late-Titled-Tuesday-Blitz-September-05-2023"]
[Site "Chess.com"]
[Date "2023.09.05"]
[Round "1"]
[White "bazar-wokzal"]
[Black "Mariia89"]
[Result "1-0"]
[WhiteElo "2515"]
[BlackElo "1966"]
[TimeControl "180+1"]
[EndTime "14:06:01 PDT"]
[Termination "bazar-wokzal won on time"]

1. e4 c6 2. d4 d5 3. e5 Bf5 4. Nc3 e6 5. g4 Bg6 6. Nge2 Bb4 7. Be3 Nd7 8. Bg2 h5 9. h3 hxg4 10.
hxg4 Rxh1+ 11. Bxh1 Qh4 12. Ng3 Nh6 13. Bf3 c5 14. Qe2 a6 15. O-O-O cxd4 16. Bxd4 Rc8 17. Kb1 b5 18. Qe3 Nxg4 19. Qf4 Bf5 20. Rh1 1-0